 Dungeon Crawl Stone Soup version 0.25-a0-730-g633e9c3c14 (webtiles) character file.

Game seed: 10672197423816019440, levelgen mode: deterministic

58 kae the Ruffian (level 3, -1/28 HPs)
             Began as a Draconian Transmuter on Apr 7, 2020.
             Slain by an adder (2 damage)
             ... on level 2 of the Dungeon.
             The game lasted 00:01:50 (1782 turns).

kae the Ruffian (Draconian Transmuter)              Turns: 1782, Time: 00:01:51

Health: -1/28      AC:  5    Str: 13    XL:     3   Next: 75%
Magic:  4/6        EV: 12    Int: 13    God:
Gold:   35         SH:  0    Dex: 11    Spells: 1/7 levels left

rFire    + . .     SeeInvis .     - Unarmed
rCold    + . .     Gourm    .   (no shield)
rNeg     . . .     Faith    .   (armour unavailable)
rPois    +         Spirit   .   (helmet restricted)
rElec    +         Reflect  .   (no cloak)
rCorr    +         Harm     .   (no gloves)
MR       .....                  (no boots)
Stlth    +.........             (no amulet)
HPRegen  0.09/turn              (no ring)
MPRegen  0.10/turn              (no ring)

@: lethally poisoned (-1 -> -3), resistant
A: unfitting armour, cold-blooded, AC +5
a: no special abilities


You were on level 2 of the Dungeon.
You were not hungry.

You visited 1 branch of the dungeon, and saw 2 of its levels.

You collected 35 gold pieces.

Inventory:

Missiles
 a - 7 arrows
Scrolls
 b - a scroll of teleportation {unknown}
 e - 2 scrolls of random uselessness {unknown}
Comestibles
 c - 2 rations


   Skills:
 - Level 1.1 Fighting
 - Level 1.7 Dodging
 * Level 4.0 Unarmed Combat
 + Level 2.5 Spellcasting
 + Level 2.6 Transmutations


You had one spell level left.
You knew the following spells:

 Your Spells              Type           Power        Failure   Level  Hunger
a - Beastly Appendage     Tmut           #.....       9%          1    #......
b - Sticks to Snakes      Tmut           #.......     12%         2    ###....
c - Spider Form           Tmut/Pois      #.........   38%         3    ###....

Your spell library contained the following spells:

 Spells                   Type           Power        Failure   Level  Hunger
 Ice Form                 Ice/Tmut       #.......     80%         4    #####..
 Blade Hands              Tmut           #.........   92%         5    ######.


Dungeon Overview and Level Annotations

Branches:
Dungeon (2/15)

Altars:


Innate Abilities, Weirdness & Mutations

Your plain brown scales are hard. (AC +5)
You cannot fit into any form of body armour.
You are cold-blooded and may be slowed by cold attacks.


Message History

The gnoll completely misses you. The adder misses you.
You closely miss the adder.
You feel sick. The adder misses you.
The gnoll hits you from afar with a +0 spear!
You barely miss the adder. The adder closely misses you.
The gnoll hits you from afar with a +0 spear.
* * * LOW HITPOINT WARNING * * *
You bite the adder!
The adder is poisoned.
The adder is severely wounded.
* * * LOW HITPOINT WARNING * * *
You feel sick. The adder misses you.
It was a potion of resistance.
You feel protected. The adder completely misses you.
The gnoll hits you from afar with a +0 spear.
* * * LOW HITPOINT WARNING * * *
The adder completely misses you.
Your transformation has ended.
* * * LOW HITPOINT WARNING * * *
You feel sick. The adder bites you.
You die...

#.# ...... #.# .S..
.######.####### .... ###
.....>......... .g. ... #.# #..
..... #.# #.# ..... #.# #####
#.##.....
###########.###...#######.##.....
................@S.gg.......[...#
.##########........###...#.#.....
รท# #.).#..#...##...#....### .#
##..........##...##...# .#
#..#......#..#...##...# .#
#............#######..# )#
#............# #..# .#
#..#......#..# ####..### .#
#...........## #....>...


You could see 2 gnolls and an adder.

Vanquished Creatures
  A gnoll (D:2)
  A leopard gecko (D:2)
  3 bats (D:1)
  4 goblins
  2 hobgoblins (D:1)
  A ball python (D:1)
  2 frilled lizards (D:1)
  A kobold (D:1)
  5 rats (D:1)
20 creatures vanquished.

Vanquished Creatures (collateral kills)
  Natasha (twice) (D:2)
  A frilled lizard (D:2)
3 creatures vanquished.

Grand Total: 23 creatures vanquished

Notes
Turn   | Place    | Note
-------+----------+-------------------------------------------
     0 | D:1      | kae the Draconian Transmuter began the quest for the Orb.
     0 | D:1      | Reached XP level 1. HP: 16/16 MP: 3/3
   284 | D:1      | Reached XP level 2. HP: 23/23 MP: 5/5
  1003 | D:1      | Learned a level 2 spell: Sticks to Snakes
  1125 | D:2      | Noticed Natasha
  1128 | D:2      | Noticed a crimson imp
  1132 | D:2      | Noticed a crimson imp
  1145 | D:2      | Killed Natasha
  1145 | D:2      | Reached XP level 3. HP: 5/28 MP: 3/6
  1439 | D:2      | Noticed Natasha
  1490 | D:2      | Killed Natasha
  1723 | D:2      | Learned a level 3 spell: Spider Form
  1767 | D:2      | Reached skill level 4 in Unarmed Combat
  1782 | D:2      | HP: 1/28 [poisoned by an adder]
  1782 | D:2      | Slain by an adder

Levels and vault maps discovered:
D:1:      lemuel_arrival_hallway, layout_basic
D:2:      layout_basic, minmay_misc_feat_plants, chequers_serial_rivers_micro_a,
          minmay_goblin_kobold_house, uniq_natasha

Skill      XL: |  1  2  3 |
---------------+----------+-----
Unarmed Combat | 4 |  4.0
Fighting       | |  1.1
Dodging        | |  1.7
Spellcasting   | |  2.5
Transmutations | |  2.6

Action                   || total
-------------------------++-------
Melee: Unarmed           ||    66
       Kick              ||     6
       Headbutt          ||     4
       Tailslap          ||     2
 Cast: Beastly Appendage ||    16
       Sticks to Snakes  ||     5
       Spider Form       ||     1
  Use: Potion            ||     3
  Eat: Chunk             ||     3
Armor: Skin              ||    30
Dodge: Dodged            ||    71

Table legend:
 A = Non-vault XP
 B = Vault XP
 C = Vault XP percentage of total XP
 D = Non-vault monster count
 E = Vault monster count
 F = Vault count percentage of total count
                 A         B        C        D         E       F
            +---------+---------+-------+---------+---------+-------
      Total |      58 |      25 |  30.1 |      22 |       1 |   4.3
            +---------+---------+-------+---------+---------+-------
        D:1 |      19 |       0 |   0.0 |      15 |       0 |   0.0
        D:2 |      39 |      25 |  39.1 |       7 |       1 |  12.5
            +---------+---------+-------+---------+---------+-------
